Predators vs Avalanche

Created - 4 mars 2018 at 15:55

Goals
1 2 3 T
Predators 0 1 1 2
Avalanche 1 0 0 1
Shots
1 2 3 T
Predators 15 6 5 26
Avalanche 15 12 4 31

1st period

1. Avalanche , Paul Stastny 29 (Anton Stralman 20, Roberto Luongo) at 1:07

Penalties :
Paul Stastny (COL) for Interference (Minor) at 1:39, Slava Voynov (NSH) for Roughing (Minor) at 8:07, Slava Voynov (NSH) for Hooking (Minor) at 17:13

2nd period

2. Predators , Tuomo Ruutu 15 (R.J. Umberger 15, Derek Roy 18) at 0:30

Penalties :
Paul Stastny (COL) for Roughing (Minor) at 5:37

3rd period

3. Predators , R.J. Umberger 10 (Derek Roy 19, Tuomo Ruutu 13) at 1:06

Penalties :
David Moss (NSH) for Hooking (Minor) at 5:55

Goalie Stats

Cam Ward (NSH), 30 saves from 31 shots - (0,968), W, 29-15-6, 60:00 minutes
Roberto Luongo (COL), 24 saves from 26 shots - (0,923), L, 40-13-2, 60:00 minutes

Players Stats for Predators

Player Name              G  A  P  +/- PIM S  H  SB GA TA FO     MP     PP MP  PK MP  
------------------------------------------------------------------------------------
Boyd Gordon              0  0  0   0  0   0  0  0  0  0  7/12    7:19   0:00   1:38 
Brandon Dubinsky         0  0  0   0  0   1  3  0  0  0  11/21  18:17   2:01   0:16 
Brenden Dillon           0  0  0   0  0   0  2  3  0  0  0/0    26:34   1:38   3:22 
Danny Dekeyser           0  0  0  -1  0   3  1  0  0  0  0/0    22:31   2:10   1:39 
David Moss               0  0  0   0  2   0  0  0  0  0  0/0     5:40   0:00   0:00 
Derek Roy                0  2  2   2  0   5  3  0  0  0  14/27  19:03   0:00   4:03 
Johnny Boychuck          0  0  0   2  0   0  1  2  0  0  0/0    17:44   0:00   3:23 
Kevan Miller             0  0  0  -1  0   0  0  2  0  0  0/0     6:30   0:50   0:44 
Kyle Okposo              0  0  0   0  0   1  1  0  0  0  3/3    17:24   1:57   0:00 
Ladislav Smid            0  0  0   2  0   2  5  0  0  0  0/0    22:23   0:58   2:30 
Ondrej Palat             0  0  0  -1  0   4  1  0  0  0  0/0    16:36   2:01   0:00 
Patrick Eaves            0  0  0  -1  0   1  4  1  0  0  1/2    16:32   1:57   0:00 
Paul Byron               0  0  0   0  0   0  0  0  0  0  0/0     7:19   0:00   1:38 
R.J. Umberger            1  1  2   2  0   2  0  0  0  0  1/1    18:53   0:00   4:19 
Ryan Callahan            0  0  0   0  0   0  5  1  0  0  0/0    18:14   2:01   0:00 
Slava Voynov             0  0  0   0  4   1  0  0  0  0  0/0    22:20   2:20   0:16 
Tuomo Ruutu              1  1  2   2  0   3  1  0  0  0  0/2    13:36   0:00   0:00 
Tyler Bozak              0  0  0  -1  0   3  0  0  0  0  11/22  17:05   1:57   0:00 

Players Stats for Avalanche

Player Name              G  A  P  +/- PIM S  H  SB GA TA FO     MP     PP MP  PK MP  
------------------------------------------------------------------------------------
Alex Petrovic            0  0  0   0  0   0  4  2  0  0  0/0    14:13   4:25   0:00 
Anton Stralman           0  1  1   0  0   4  1  1  0  0  0/0    22:14   0:00   2:13 
Brad Boyes               0  0  0   0  0   5  0  1  0  0  0/4    21:15   4:02   0:00 
Brandon Kozun            0  0  0   0  0   0  0  0  0  0  0/0     0:00   0:00   0:00 
Carl Hagelin             0  0  0  -1  0   1  0  0  0  0  2/2    18:26   0:00   1:51 
Chris VandeVelde         0  0  0   0  0   0  1  0  0  0  0/0     4:54   0:00   0:00 
Francois Beauchemin      0  0  0  -1  0   2  1  1  0  0  0/0    24:01   1:32   2:13 
Jason Zucker             0  0  0   0  0   2  4  0  0  0  2/4    18:50   0:00   2:07 
Jim Slater               0  0  0   0  0   0  0  0  0  0  4/5     2:07   0:00   2:07 
Josh Manson              0  0  0   0  0   0  0  3  0  0  0/0    11:20   1:32   0:00 
Jussi Jokinen            0  0  0   0  0   1  0  1  0  0  9/21   20:03   1:55   1:51 
Kyle Palmieri            0  0  0   0  0   2  0  0  0  0  1/1    15:48   4:25   0:00 
Mattias Ekholm           0  0  0   0  0   1  2  2  0  0  0/0    21:46   0:00   1:45 
Niklas Kronwall          0  0  0  -1  0   0  3  3  0  0  0/0    22:01   0:00   1:45 
Patrice Bergeron         0  0  0   0  0   2  5  0  0  0  10/23  18:38   1:55   0:00 
Patrick Sharp            0  0  0  -1  0   5  0  0  0  0  1/3    21:07   4:02   0:00 
Paul Stastny             1  0  1  -1  4   4  7  0  0  0  13/27  21:05   4:02   0:00 
Sergei Kostitsyn         0  0  0   0  0   2  0  0  0  0  0/0    18:12   1:55   0:00 

3 Stars

1 - Tuomo Ruutu (NSH)
2 - R.J. Umberger (NSH)
3 - Cam Ward (NSH)

Power Play

Predators - 0 on 2 Attempt(s) - 0,00%
Avalanche - 0 on 3 Attempt(s) - 0,00%

Penalty Kill

Predators - 3 on 3 Attempt(s) - 100,00% - Score 0 goal in Penalty Kill
Avalanche - 2 on 2 Attempt(s) - 100,00% - Score 0 goal in Penalty Kill

Team Stat

Predators - Hits : 27 - Faceoff Wins : 48 - Blocked Shots : 9 - Penalty Minutes : 6
Avalanche - Hits : 28 - Faceoff Wins : 42 - Blocked Shots : 14 - Penalty Minutes : 4

Official

Referees : Dave Jackson and Garrett Rank
Linesman : Kevin Hall and Mike Anderson

Game Notes

Kevan Miller is injured at 17:17 of 1st period (Torn Left Knee Ligaments)

Finance

Level 1 -- Attendance: 6000 (100,00%) -- Ticket Income 600 000 $
Level 2 -- Attendance: 5000 (100,00%) -- Ticket Income 325 000 $
Level 3 -- Attendance: 2000 (100,00%) -- Ticket Income 84 000 $
Level 4 -- Attendance: 4000 (100,00%) -- Ticket Income 108 000 $
Luxury Box -- Attendance: 1007 (100,00%) -- Ticket Income 211 470 $
Game was played at the Pepsi Center.
Total Attendance: 18007 (100,00%)
Total Ticket Income: 1 328 470 $
Other Income: 650 950 $
Total Income: 1 979 420 $

Predators

5 vs 5 Forward 
   Center                   Left Wing                Right Wing               Time % Phy DF OF 
 1 Brandon Dubinsky         Ryan Callahan            Kyle Okposo              30     0   1  4  
 2 Tyler Bozak              Ondrej Palat             Patrick Eaves            30     0   2  3  
 3 Derek Roy                R.J. Umberger            Tuomo Ruutu              28     0   3  2  
 4 Boyd Gordon              Paul Byron               David Moss               12     0   4  1  

5 vs 5 Defense 
   Defense                  Defense                                           Time % Phy DF OF 
 1 Slava Voynov             Brenden Dillon                                    37     0   2  3  
 2 Danny Dekeyser           Kevan Miller                                      37     0   3  2  
 3 Ladislav Smid            Johnny Boychuck                                   26     0   4  1  
 4 Slava Voynov             Brenden Dillon                                    0      0   4  1  

PowerPlay Forward 
   Center                   Left Wing                Right Wing               Time % Phy DF OF 
 1 Tyler Bozak              Patrick Eaves            Kyle Okposo              50     0   0  5  
 2 Brandon Dubinsky         Ryan Callahan            Ondrej Palat             50     0   0  5  

PowerPlay Defense
   Defense                  Defense                                           Time % Phy DF OF 
 1 Slava Voynov             Danny Dekeyser                                    50     0   0  5  
 2 Kevan Miller             Brenden Dillon                                    50     0   0  5  

Penalty Kill 4 Players Forward 
   Center                   Wing                     Time % Phy DF OF 
 1 Derek Roy                R.J. Umberger            60     0   4  1  
 2 Boyd Gordon              Paul Byron               40     0   4  1  

Penalty Kill 4 Players Defense
   Defense                  Defense                  Time % Phy DF OF 
 1 Ladislav Smid            Brenden Dillon           60     0   5  0  
 2 Johnny Boychuck          Kevan Miller             40     0   5  0  

Penalty Kill - 3 Players Forward 
   Forward                                           Time % Phy DF OF 
 1 Derek Roy                                         50     0   5  0  
 2 Brandon Dubinsky                                  50     0   5  0  

Penalty Kill - 3 Players Defense
   Defense                  Defense                  Time % Phy DF OF 
 1 Ladislav Smid            Kevan Miller             50     0   5  0  
 2 Brenden Dillon           Danny Dekeyser           50     0   5  0  

4 vs 4 Forward 
   Center                   Wing                     Time % Phy DF OF 
 1 Brandon Dubinsky         Ryan Callahan            50     0   2  3  
 2 Tyler Bozak              Ondrej Palat             50     0   2  3  

4 vs 4 Defense
   Defense                  Defense                  Time % Phy DF OF 
 1 Slava Voynov             Brenden Dillon           50     0   2  3  
 2 Ladislav Smid            Danny Dekeyser           50     0   2  3  

Last Minutes Offensive
   Center                   Left Wing                Right Wing               Defense                  Defense                  
   Tyler Bozak              Ondrej Palat             Kyle Okposo              Slava Voynov             Brenden Dillon           

Last Minutes Defensive
   Center                   Left Wing                Right Wing               Defense                  Defense                  
   Derek Roy                R.J. Umberger            Ryan Callahan            Ladislav Smid            Johnny Boychuck          

Goaltenders
Starting : Cam Ward                 
Backup : Peter Budaj              

Extra Forwards
Normal : Brandon Dubinsky, Derek Roy, Tyler Bozak - PP : Derek Roy, Tuomo Ruutu - PK : Brandon Dubinsky
Extra Defensemen
Normal : Brenden Dillon, Slava Voynov, Danny Dekeyser - PP : Kevan Miller - PK : Kevan Miller, Brenden Dillon
Penalty Shots
Tuomo Ruutu, Ryan Callahan, Kyle Okposo, Tyler Bozak, Derek Roy
Custom OT Lines Forwards
Brandon Dubinsky, Ryan Callahan, Tyler Bozak, Ondrej Palat, Derek Roy, Tuomo Ruutu, R.J. Umberger, Kyle Okposo, Boyd Gordon, Paul Byron
Custom OT Lines Defensemen
Slava Voynov, Ladislav Smid, Brenden Dillon, Danny Dekeyser, Johnny Boychuck

Scratches
Raphael Diaz (Healthy)

Avalanche

5 vs 5 Forward 
   Center                   Left Wing                Right Wing               Time % Phy DF OF 
 1 Patrice Bergeron         Jason Zucker             Brad Boyes               38     0   2  3  
 2 Paul Stastny             Carl Hagelin             Patrick Sharp            38     0   2  3  
 3 Jussi Jokinen            Kyle Palmieri            Sergei Kostitsyn         24     0   3  2  
 4 Jussi Jokinen            Sergei Kostitsyn         Chris VandeVelde         0      0   4  1  

5 vs 5 Defense 
   Defense                  Defense                                           Time % Phy DF OF 
 1 Francois Beauchemin      Niklas Kronwall                                   42     0   3  2  
 2 Mattias Ekholm           Anton Stralman                                    42     0   3  2  
 3 Josh Manson              Alex Petrovic                                     9      0   4  1  
 4 Alex Petrovic            Josh Manson                                       7      0   4  1  

PowerPlay Forward 
   Center                   Left Wing                Right Wing               Time % Phy DF OF 
 1 Paul Stastny             Patrick Sharp            Brad Boyes               60     1   0  4  
 2 Patrice Bergeron         Sergei Kostitsyn         Jussi Jokinen            40     0   1  4  

PowerPlay Defense
   Defense                  Defense                                           Time % Phy DF OF 
 1 Kyle Palmieri            Alex Petrovic                                     60     0   1  4  
 2 Josh Manson              Francois Beauchemin                               40     0   1  4  

Penalty Kill 4 Players Forward 
   Center                   Wing                     Time % Phy DF OF 
 1 Jim Slater               Jason Zucker             50     0   5  0  
 2 Jussi Jokinen            Carl Hagelin             50     0   5  0  

Penalty Kill 4 Players Defense
   Defense                  Defense                  Time % Phy DF OF 
 1 Francois Beauchemin      Anton Stralman           50     1   4  0  
 2 Niklas Kronwall          Mattias Ekholm           50     1   4  0  

Penalty Kill - 3 Players Forward 
   Forward                                           Time % Phy DF OF 
 1 Patrice Bergeron                                  60     0   5  0  
 2 Paul Stastny                                      40     0   5  0  

Penalty Kill - 3 Players Defense
   Defense                  Defense                  Time % Phy DF OF 
 1 Francois Beauchemin      Niklas Kronwall          60     1   4  0  
 2 Anton Stralman           Josh Manson              40     1   4  0  

4 vs 4 Forward 
   Center                   Wing                     Time % Phy DF OF 
 1 Patrice Bergeron         Brad Boyes               50     0   1  4  
 2 Paul Stastny             Patrick Sharp            50     0   1  4  

4 vs 4 Defense
   Defense                  Defense                  Time % Phy DF OF 
 1 Francois Beauchemin      Niklas Kronwall          50     0   2  3  
 2 Mattias Ekholm           Anton Stralman           50     0   2  3  

Last Minutes Offensive
   Center                   Left Wing                Right Wing               Defense                  Defense                  
   Paul Stastny             Patrick Sharp            Brad Boyes               Niklas Kronwall          Francois Beauchemin      

Last Minutes Defensive
   Center                   Left Wing                Right Wing               Defense                  Defense                  
   Patrice Bergeron         Jason Zucker             Brad Boyes               Niklas Kronwall          Francois Beauchemin      

Goaltenders
Starting : Roberto Luongo           
Backup : Justin Peters            

Extra Forwards
Normal : Chris VandeVelde, Jason Zucker, Kyle Palmieri - PP : Patrick Sharp, Jason Zucker - PK : Chris VandeVelde
Extra Defensemen
Normal : Anton Stralman, Mattias Ekholm, Josh Manson - PP : Anton Stralman - PK : Mattias Ekholm, Josh Manson
Penalty Shots
Paul Stastny, Brad Boyes, Patrick Sharp, Patrice Bergeron, Kyle Palmieri
Custom OT Lines Forwards
Paul Stastny, Patrick Sharp, Brad Boyes, Patrice Bergeron, Kyle Palmieri, Jussi Jokinen, Jason Zucker, Sergei Kostitsyn, Carl Hagelin, Chris VandeVelde
Custom OT Lines Defensemen
Francois Beauchemin, Alex Petrovic, Anton Stralman, Niklas Kronwall, Mattias Ekholm

Scratches
TJ Brodie (Bruised Right Arm Injury), Lukas Krajicek (Healthy)

% Time on Ice - Predators

Lines # - Real PCT - Wanted PCT - Time Play
Normal Forward
1 - 31% - 30% - 15:27
2 - 30% - 30% - 14:35
3 - 28% - 28% - 13:36
4 - 12% - 12% - 5:41
Normal Defense
1 - 31% - 37% - 15:08
2 - 43% - 37% - 21:21
3 - 26% - 26% - 12:50
4 - 0% - 0% - 0:00
PP Forward
1 - 49% - 50% - 1:57
2 - 51% - 50% - 2:01
PP Defense
1 - 34% - 50% - 1:22
2 - 66% - 50% - 2:36
PK Forward
1 - 73% - 60% - 4:19
2 - 27% - 40% - 1:38
PK Defense
1 - 34% - 60% - 2:02
2 - 66% - 40% - 3:55
PK3 Forward
1 - 0% - 50%
2 - 0% - 50%
PK3 Defense
1 - 0% - 50%
2 - 0% - 50%
44 Forward
1 - 0% - 50%
2 - 0% - 50%
44 Defense
1 - 0% - 50%
2 - 0% - 50%
Last Minute Offensive  - 0:00
Last Minute Defensive  - 0:46
Total
Forward - 60:00
Defense - 60:00

% Time on Ice - Avalanche

Lines # - Real PCT - Wanted PCT - Time Play
Normal Forward
1 - 34% - 38% - 16:43
2 - 33% - 38% - 16:35
3 - 23% - 24% - 11:23
4 - 10% - 0% - 4:54
Normal Defense
1 - 40% - 42% - 20:03
2 - 40% - 42% - 19:44
3 - 10% - 9% - 5:02
4 - 10% - 7% - 4:46
PP Forward
1 - 68% - 60% - 4:02
2 - 32% - 40% - 1:55
PP Defense
1 - 74% - 60% - 4:25
2 - 26% - 40% - 1:32
PK Forward
1 - 53% - 50% - 2:07
2 - 47% - 50% - 1:51
PK Defense
1 - 56% - 50% - 2:13
2 - 44% - 50% - 1:45
PK3 Forward
1 - 0% - 60%
2 - 0% - 40%
PK3 Defense
1 - 0% - 60%
2 - 0% - 40%
44 Forward
1 - 0% - 50%
2 - 0% - 50%
44 Defense
1 - 0% - 50%
2 - 0% - 50%
Last Minute Offensive  - 0:30
Last Minute Defensive  - 0:00
Total
Forward - 60:00
Defense - 60:00

Play by Play

1st period


0:01 of 1st period - Brandon Dubinsky wins face-off versus Patrice Bergeron in neutral zone.
0:04 of 1st period - Jason Zucker is hit by Brandon Dubinsky and loses puck.
1:07 of 1st period - Shot by Paul Stastny.
1:07 of 1st period - Goal by Paul Stastny - Predators : 0 - Avalanche : 1.
1:08 of 1st period - Jussi Jokinen wins face-off versus Tuomo Ruutu in neutral zone.
1:38 of 1st period - Icing by Johnny Boychuck.
1:39 of 1st period - Derek Roy wins face-off versus Paul Stastny in Predators zone.
1:39 of 1st period - Minor Penalty to Paul Stastny for Interference.
1:40 of 1st period - Jim Slater wins face-off versus Tyler Bozak in Avalanche zone.
2:13 of 1st period - Shot by Slava Voynov.
2:13 of 1st period - Shot Blocked by Mattias Ekholm.
2:15 of 1st period - Shot by Danny Dekeyser.
2:15 of 1st period - Stopped by Roberto Luongo without a rebound.
2:16 of 1st period - Brandon Dubinsky wins face-off versus Jim Slater in Avalanche zone.
2:41 of 1st period - Shot by Ryan Callahan.
2:41 of 1st period - Deflect By Ondrej Palat.
2:41 of 1st period - Stopped by Roberto Luongo without a rebound.
2:42 of 1st period - Tyler Bozak wins face-off versus Jussi Jokinen in Avalanche zone.
2:53 of 1st period - Shot by Danny Dekeyser.
2:53 of 1st period - Shot Misses the Net.
2:55 of 1st period - Shot by Danny Dekeyser.
2:55 of 1st period - Deflect By Kyle Okposo.
2:55 of 1st period - Shot Blocked by Francois Beauchemin.
2:57 of 1st period - Shot by Danny Dekeyser.
2:57 of 1st period - Stopped by Roberto Luongo without a rebound.
2:58 of 1st period - Jim Slater wins face-off versus Brandon Dubinsky in Avalanche zone.
2:58 of 1st period - Jim Slater is hit by Ryan Callahan.
3:21 of 1st period - Shot by Ryan Callahan.
3:21 of 1st period - Deflect By Ondrej Palat.
3:21 of 1st period - Stopped by Roberto Luongo without a rebound.
3:22 of 1st period - Carl Hagelin wins face-off versus Tyler Bozak in Avalanche zone.
3:22 of 1st period - Francois Beauchemin is hit by Kyle Okposo and loses puck.
3:41 of 1st period - Shot by Derek Roy.
3:41 of 1st period - Shot Misses the Net.
3:48 of 1st period - Derek Roy is hit by Alex Petrovic and loses puck.
3:51 of 1st period - Shot by R.J. Umberger.
3:51 of 1st period - Stopped by Roberto Luongo without a rebound.
3:52 of 1st period - Paul Stastny wins face-off versus Patrick Eaves in Avalanche zone.
3:56 of 1st period - Mattias Ekholm is hit by Patrick Eaves and loses puck.
4:07 of 1st period - Shot by Patrick Sharp.
4:07 of 1st period - Shot Misses the Net.
4:09 of 1st period - Shot by Paul Stastny.
4:09 of 1st period - Shot Blocked by Kevan Miller.
4:11 of 1st period - Shot by Paul Stastny.
4:11 of 1st period - Shot Misses the Net.
4:27 of 1st period - Shot by Patrick Sharp.
4:27 of 1st period - Stopped by Cam Ward without a rebound.
4:28 of 1st period - Boyd Gordon wins face-off versus Patrice Bergeron in Predators zone.
4:28 of 1st period - Boyd Gordon is hit by Patrice Bergeron.
5:18 of 1st period - Icing by Niklas Kronwall.
5:19 of 1st period - Tyler Bozak wins face-off versus Brad Boyes in Avalanche zone.
5:22 of 1st period - Shot by Tyler Bozak.
5:22 of 1st period - Shot Misses the Net.
5:36 of 1st period - Shot by Ondrej Palat.
5:36 of 1st period - Stopped by Roberto Luongo without a rebound.
5:37 of 1st period - R.J. Umberger wins face-off versus Paul Stastny in Avalanche zone.
5:50 of 1st period - Shot by Tuomo Ruutu.
5:50 of 1st period - Shot Misses the Net.
5:56 of 1st period - Shot by Derek Roy.
5:56 of 1st period - Stopped by Roberto Luongo with a rebound.
5:58 of 1st period - Shot by Derek Roy.
5:58 of 1st period - Stopped by Roberto Luongo without a rebound.
5:59 of 1st period - Kyle Okposo wins face-off versus Jussi Jokinen in Avalanche zone.
6:22 of 1st period - Shot by Kyle Palmieri.
6:22 of 1st period - Shot Misses the Net.
6:24 of 1st period - Shot by Jussi Jokinen.
6:24 of 1st period - Shot Misses the Net.
6:26 of 1st period - Shot by Josh Manson.
6:26 of 1st period - Shot Misses the Net.
6:32 of 1st period - Shot by Jussi Jokinen.
6:32 of 1st period - Shot Misses the Net.
6:34 of 1st period - Shot by Jussi Jokinen.
6:34 of 1st period - Shot Misses the Net.
6:36 of 1st period - Shot by Sergei Kostitsyn.
6:36 of 1st period - Shot Misses the Net.
6:38 of 1st period - Shot by Kyle Palmieri.
6:38 of 1st period - Shot Misses the Net.
6:40 of 1st period - Shot by Jussi Jokinen.
6:40 of 1st period - Shot Misses the Net.
6:42 of 1st period - Shot by Alex Petrovic.
6:42 of 1st period - Shot Blocked by Ryan Callahan.
7:30 of 1st period - Off-side.
7:31 of 1st period - Tyler Bozak wins face-off versus Patrice Bergeron in neutral zone.
7:34 of 1st period - Shot by Slava Voynov.
7:34 of 1st period - Shot Misses the Net.
7:39 of 1st period - Icing by Brad Boyes.
7:40 of 1st period - Tyler Bozak wins face-off versus Patrice Bergeron in Avalanche zone.
7:47 of 1st period - Shot by Patrick Eaves.
7:47 of 1st period - Stopped by Roberto Luongo without a rebound.
7:48 of 1st period - Derek Roy wins face-off versus Jussi Jokinen in Avalanche zone.
7:58 of 1st period - Jussi Jokinen is hit by Brenden Dillon and loses puck.
8:06 of 1st period - Icing by Brenden Dillon.
8:07 of 1st period - Paul Stastny wins face-off versus Derek Roy in Predators zone.
8:07 of 1st period - Minor Penalty to Slava Voynov for Roughing.
8:08 of 1st period - Derek Roy wins face-off versus Paul Stastny in Predators zone.
8:17 of 1st period - Ladislav Smid is hit by Paul Stastny and loses puck.
8:30 of 1st period - Shot by Patrick Sharp.
8:30 of 1st period - Stopped by Cam Ward without a rebound.
8:31 of 1st period - Patrice Bergeron wins face-off versus Derek Roy in Predators zone.
8:38 of 1st period - Shot by Francois Beauchemin.
8:38 of 1st period - Stopped by Cam Ward with a rebound.
8:40 of 1st period - Shot by Jussi Jokinen.
8:40 of 1st period - Deflect By Sergei Kostitsyn.
8:40 of 1st period - Stopped by Cam Ward without a rebound.
8:41 of 1st period - Derek Roy wins face-off versus Brad Boyes in Predators zone.
8:58 of 1st period - Shot by Kyle Palmieri.
8:58 of 1st period - Stopped by Cam Ward without a rebound.
8:59 of 1st period - Patrice Bergeron wins face-off versus Boyd Gordon in Predators zone.
9:00 of 1st period - Shot by Francois Beauchemin.
9:00 of 1st period - Stopped by Cam Ward without a rebound.
9:01 of 1st period - Derek Roy wins face-off versus Paul Stastny in Predators zone.
9:25 of 1st period - Shot by Paul Stastny.
9:25 of 1st period - Shot Misses the Net.
9:29 of 1st period - Shot by Kyle Palmieri.
9:29 of 1st period - Stopped by Cam Ward with a rebound.
9:53 of 1st period - Kevan Miller is hit by Paul Stastny and loses puck.
10:18 of 1st period - Shot by Sergei Kostitsyn.
10:18 of 1st period - Stopped by Cam Ward without a rebound.
10:19 of 1st period - Brandon Dubinsky wins face-off versus Jussi Jokinen in Predators zone.
10:36 of 1st period - Shot by Jussi Jokinen.
10:36 of 1st period - Shot Misses the Net.
10:58 of 1st period - Shot by Brandon Dubinsky.
10:58 of 1st period - Stopped by Roberto Luongo with a rebound.
11:30 of 1st period - Shot by Jason Zucker.
11:30 of 1st period - Shot Blocked by Johnny Boychuck.
11:32 of 1st period - Shot by Jason Zucker.
11:32 of 1st period - Shot Misses the Net.
11:34 of 1st period - Shot by Anton Stralman.
11:34 of 1st period - Stopped by Cam Ward with a rebound.
11:38 of 1st period - Shot by Mattias Ekholm.
11:38 of 1st period - Shot Misses the Net.
11:40 of 1st period - Shot by Mattias Ekholm.
11:40 of 1st period - Stopped by Cam Ward without a rebound.
11:41 of 1st period - Paul Stastny wins face-off versus Derek Roy in Predators zone.
11:44 of 1st period - Shot by Carl Hagelin.
11:44 of 1st period - Deflect By Patrick Sharp.
11:44 of 1st period - Shot Misses the Net.
12:02 of 1st period - Shot by Danny Dekeyser.
12:02 of 1st period - Shot Blocked by Alex Petrovic.
12:17 of 1st period - Shot by Tuomo Ruutu.
12:17 of 1st period - Stopped by Roberto Luongo with a rebound.
12:19 of 1st period - Shot by Derek Roy.
12:19 of 1st period - Stopped by Roberto Luongo without a rebound.
12:20 of 1st period - Tyler Bozak wins face-off versus Patrice Bergeron in Avalanche zone.
12:21 of 1st period - Shot by Patrick Eaves.
12:21 of 1st period - Shot Blocked by Brad Boyes.
12:42 of 1st period - Shot by Ondrej Palat.
12:42 of 1st period - Deflect By Tyler Bozak.
12:42 of 1st period - Shot Misses the Net.
12:44 of 1st period - Shot by Ladislav Smid.
12:44 of 1st period - Stopped by Roberto Luongo without a rebound.
12:45 of 1st period - Boyd Gordon wins face-off versus Jussi Jokinen in Avalanche zone.
12:54 of 1st period - Icing by Francois Beauchemin.
12:55 of 1st period - Derek Roy wins face-off versus Jussi Jokinen in Avalanche zone.
13:01 of 1st period - Icing by Francois Beauchemin.
13:02 of 1st period - Derek Roy wins face-off versus Jussi Jokinen in Avalanche zone.
13:03 of 1st period - Shot by Tuomo Ruutu.
13:03 of 1st period - Shot Misses the Net.
13:05 of 1st period - Shot by Derek Roy.
13:05 of 1st period - Stopped by Roberto Luongo without a rebound.
13:06 of 1st period - Carl Hagelin wins face-off versus Derek Roy in Avalanche zone.
14:32 of 1st period - Tyler Bozak is hit by Patrice Bergeron.
15:12 of 1st period - Shot by Kyle Palmieri.
15:12 of 1st period - Shot Hit the Post.
15:20 of 1st period - Shot by Ryan Callahan.
15:20 of 1st period - Shot Misses the Net.
15:22 of 1st period - Shot by Ladislav Smid.
15:22 of 1st period - Stopped by Roberto Luongo without a rebound.
15:23 of 1st period - Boyd Gordon wins face-off versus Paul Stastny in Avalanche zone.
15:34 of 1st period - Johnny Boychuck is hit by Paul Stastny and loses puck.
15:43 of 1st period - Shot by Patrick Sharp.
15:43 of 1st period - Stopped by Cam Ward without a rebound.
15:44 of 1st period - Brandon Dubinsky wins face-off versus Brad Boyes in Predators zone.
15:44 of 1st period - Brandon Dubinsky is hit by Jason Zucker.
16:06 of 1st period - Icing by Niklas Kronwall.
16:07 of 1st period - Patrick Eaves wins face-off versus Patrice Bergeron in Avalanche zone.
16:35 of 1st period - Icing by Slava Voynov.
16:36 of 1st period - Paul Stastny wins face-off versus Tyler Bozak in Predators zone.
17:13 of 1st period - Minor Penalty to Slava Voynov for Hooking.
17:14 of 1st period - Patrice Bergeron wins face-off versus Derek Roy in Predators zone.
17:17 of 1st period - Shot by Sergei Kostitsyn.
17:17 of 1st period - Shot Blocked by Kevan Miller.
17:17 of 1st period - Kevan Miller from Predators is injured at 17:17 of 1st period (Torn Left Knee Ligaments).
17:18 of 1st period - Derek Roy wins face-off versus Patrice Bergeron in Predators zone.
17:18 of 1st period - Derek Roy is hit by Alex Petrovic.
18:06 of 1st period - Shot by R.J. Umberger.
18:06 of 1st period - Shot Misses the Net.
18:11 of 1st period - Patrice Bergeron is hit by Danny Dekeyser and loses puck.
18:30 of 1st period - Shot by Patrick Sharp.
18:30 of 1st period - Shot Misses the Net.
18:50 of 1st period - Shot by Brad Boyes.
18:50 of 1st period - Stopped by Cam Ward without a rebound.
18:51 of 1st period - Paul Stastny wins face-off versus Boyd Gordon in Predators zone.
19:04 of 1st period - Shot by Paul Stastny.
19:04 of 1st period - Stopped by Cam Ward without a rebound.
19:05 of 1st period - Patrice Bergeron wins face-off versus Boyd Gordon in Predators zone.
19:12 of 1st period - Shot by Patrice Bergeron.
19:12 of 1st period - Stopped by Cam Ward without a rebound.
19:13 of 1st period - Brandon Dubinsky wins face-off versus Paul Stastny in Predators zone.
19:41 of 1st period - Icing by Danny Dekeyser.
19:42 of 1st period - Patrice Bergeron wins face-off versus Brandon Dubinsky in Predators zone.
Goals for this period are 0 for Predators vs 1 for Avalanche.
Shots for this period are 15 for Predators vs 15 for Avalanche.

2nd period


0:01 of 2nd period - Derek Roy wins face-off versus Paul Stastny in neutral zone.
0:07 of 2nd period - R.J. Umberger is hit by Mattias Ekholm and loses puck.
0:28 of 2nd period - Shot by R.J. Umberger.
0:28 of 2nd period - Shot Blocked by Mattias Ekholm.
0:30 of 2nd period - Shot by Tuomo Ruutu.
0:30 of 2nd period - Goal by Tuomo Ruutu - Predators : 1 - Avalanche : 1.
0:31 of 2nd period - Patrice Bergeron wins face-off versus Tyler Bozak in neutral zone.
0:33 of 2nd period - Off-side.
0:34 of 2nd period - Patrice Bergeron wins face-off versus Tyler Bozak in neutral zone.
0:43 of 2nd period - Shot by Jason Zucker.
0:43 of 2nd period - Stopped by Cam Ward without a rebound.
0:44 of 2nd period - Derek Roy wins face-off versus Paul Stastny in Predators zone.
0:51 of 2nd period - Shot by Derek Roy.
0:51 of 2nd period - Shot Misses the Net.
0:57 of 2nd period - R.J. Umberger is hit by Paul Stastny and loses puck.
1:04 of 2nd period - Shot by Patrick Sharp.
1:04 of 2nd period - Stopped by Cam Ward without a rebound.
1:05 of 2nd period - Brandon Dubinsky wins face-off versus Patrice Bergeron in Predators zone.
1:34 of 2nd period - Shot by Jason Zucker.
1:34 of 2nd period - Shot Misses the Net.
1:44 of 2nd period - Shot by Francois Beauchemin.
1:44 of 2nd period - Deflect By Brad Boyes.
1:44 of 2nd period - Stopped by Cam Ward without a rebound.
1:45 of 2nd period - Kyle Palmieri wins face-off versus Derek Roy in Predators zone.
3:43 of 2nd period - Shot by Jason Zucker.
3:43 of 2nd period - Stopped by Cam Ward without a rebound.
3:44 of 2nd period - Kyle Okposo wins face-off versus Patrice Bergeron in Predators zone.
3:44 of 2nd period - Kyle Okposo is hit by Patrice Bergeron.
4:13 of 2nd period - Shot by Patrice Bergeron.
4:13 of 2nd period - Deflect By Brad Boyes.
4:13 of 2nd period - Stopped by Cam Ward without a rebound.
4:14 of 2nd period - Jussi Jokinen wins face-off versus Boyd Gordon in Predators zone.
4:17 of 2nd period - Shot by Kyle Palmieri.
4:17 of 2nd period - Deflect By Sergei Kostitsyn.
4:17 of 2nd period - Shot Blocked by Johnny Boychuck.
4:56 of 2nd period - Icing by Ladislav Smid.
4:57 of 2nd period - Paul Stastny wins face-off versus Boyd Gordon in Predators zone.
5:21 of 2nd period - Tyler Bozak is hit by Niklas Kronwall and loses puck.
5:27 of 2nd period - Tyler Bozak is hit by Niklas Kronwall and loses puck.
5:37 of 2nd period - Minor Penalty to Paul Stastny for Roughing.
5:38 of 2nd period - Jim Slater wins face-off versus Brandon Dubinsky in Avalanche zone.
5:50 of 2nd period - Off-side.
5:51 of 2nd period - Jim Slater wins face-off versus Tyler Bozak in neutral zone.
6:33 of 2nd period - Francois Beauchemin is hit by Patrick Eaves and loses puck.
6:45 of 2nd period - Icing by Ryan Callahan.
6:46 of 2nd period - Jussi Jokinen wins face-off versus Brandon Dubinsky in Predators zone.
7:23 of 2nd period - Jussi Jokinen is hit by Ladislav Smid and loses puck.
7:36 of 2nd period - Francois Beauchemin is hit by Ryan Callahan and loses puck.
7:42 of 2nd period - Off-side.
7:43 of 2nd period - Jussi Jokinen wins face-off versus Derek Roy in neutral zone.
8:11 of 2nd period - Icing by Tuomo Ruutu.
8:12 of 2nd period - Paul Stastny wins face-off versus Derek Roy in Predators zone.
8:25 of 2nd period - Shot by Carl Hagelin.
8:25 of 2nd period - Stopped by Cam Ward without a rebound.
8:26 of 2nd period - Brandon Dubinsky wins face-off versus Patrice Bergeron in Predators zone.
8:38 of 2nd period - Off-side.
8:39 of 2nd period - Tyler Bozak wins face-off versus Paul Stastny in neutral zone.
9:21 of 2nd period - Carl Hagelin is hit by Ladislav Smid and loses puck.
9:25 of 2nd period - Carl Hagelin is hit by Ladislav Smid and loses puck.
9:36 of 2nd period - Mattias Ekholm is hit by Ondrej Palat and loses puck.
9:49 of 2nd period - Brad Boyes is hit by Johnny Boychuck and loses puck.
10:00 of 2nd period - Shot by Anton Stralman.
10:00 of 2nd period - Stopped by Cam Ward without a rebound.
10:01 of 2nd period - Jussi Jokinen wins face-off versus Brandon Dubinsky in Predators zone.
10:17 of 2nd period - Shot by Kyle Palmieri.
10:17 of 2nd period - Deflect By Jussi Jokinen.
10:17 of 2nd period - Stopped by Cam Ward without a rebound.
10:18 of 2nd period - Patrice Bergeron wins face-off versus Tuomo Ruutu in Predators zone.
10:21 of 2nd period - Shot by Jason Zucker.
10:21 of 2nd period - Deflect By Brad Boyes.
10:21 of 2nd period - Stopped by Cam Ward without a rebound.
10:22 of 2nd period - Kyle Okposo wins face-off versus Jason Zucker in Predators zone.
10:50 of 2nd period - Shot by Patrice Bergeron.
10:50 of 2nd period - Stopped by Cam Ward with a rebound.
10:52 of 2nd period - Shot by Anton Stralman.
10:52 of 2nd period - Stopped by Cam Ward with a rebound.
10:54 of 2nd period - Shot by Anton Stralman.
10:54 of 2nd period - Shot Misses the Net.
11:09 of 2nd period - Brandon Dubinsky is hit by Mattias Ekholm and loses puck.
11:31 of 2nd period - Icing by Niklas Kronwall.
11:32 of 2nd period - Patrick Sharp wins face-off versus Derek Roy in Avalanche zone.
12:13 of 2nd period - Shot by Tuomo Ruutu.
12:13 of 2nd period - Stopped by Roberto Luongo without a rebound.
12:14 of 2nd period - Jussi Jokinen wins face-off versus Tyler Bozak in Avalanche zone.
12:41 of 2nd period - Shot by Kyle Palmieri.
12:41 of 2nd period - Deflect By Jussi Jokinen.
12:41 of 2nd period - Shot Blocked by Brenden Dillon.
12:44 of 2nd period - Icing by Danny Dekeyser.
12:45 of 2nd period - Jason Zucker wins face-off versus Tyler Bozak in Predators zone.
12:48 of 2nd period - Shot by Patrice Bergeron.
12:48 of 2nd period - Shot Misses the Net.
12:57 of 2nd period - Icing by Danny Dekeyser.
12:58 of 2nd period - Paul Stastny wins face-off versus Tyler Bozak in Predators zone.
13:19 of 2nd period - Shot by Patrick Sharp.
13:19 of 2nd period - Stopped by Cam Ward without a rebound.
13:20 of 2nd period - Brandon Dubinsky wins face-off versus Patrice Bergeron in Predators zone.
13:46 of 2nd period - Shot by Brad Boyes.
13:46 of 2nd period - Shot Misses the Net.
15:06 of 2nd period - Shot by Tyler Bozak.
15:06 of 2nd period - Stopped by Roberto Luongo without a rebound.
15:07 of 2nd period - Tyler Bozak wins face-off versus Jussi Jokinen in Avalanche zone.
15:08 of 2nd period - Shot by Ondrej Palat.
15:08 of 2nd period - Shot Blocked by Josh Manson.
15:10 of 2nd period - Shot by Danny Dekeyser.
15:10 of 2nd period - Stopped by Roberto Luongo with a rebound.
15:12 of 2nd period - Shot by Danny Dekeyser.
15:12 of 2nd period - Shot Misses the Net.
15:32 of 2nd period - Shot by Tyler Bozak.
15:32 of 2nd period - Stopped by Roberto Luongo without a rebound.
15:33 of 2nd period - Paul Stastny wins face-off versus Brandon Dubinsky in Avalanche zone.
15:58 of 2nd period - Shot by Patrick Sharp.
15:58 of 2nd period - Shot Misses the Net.
17:44 of 2nd period - Shot by David Moss.
17:44 of 2nd period - Shot Misses the Net.
19:21 of 2nd period - Shot by Kyle Okposo.
19:21 of 2nd period - Shot Blocked by Alex Petrovic.
19:23 of 2nd period - Shot by Ryan Callahan.
19:23 of 2nd period - Shot Misses the Net.
19:35 of 2nd period - Shot by Kyle Okposo.
19:35 of 2nd period - Stopped by Roberto Luongo without a rebound.
19:36 of 2nd period - Jussi Jokinen wins face-off versus Derek Roy in Avalanche zone.
19:36 of 2nd period - Jussi Jokinen is hit by Derek Roy.
19:46 of 2nd period - Brenden Dillon is hit by Chris VandeVelde.
Goals for this period are 1 for Predators vs 0 for Avalanche.
Shots for this period are 6 for Predators vs 12 for Avalanche.

3rd period


0:01 of 3rd period - Jason Zucker wins face-off versus Brandon Dubinsky in neutral zone.
0:04 of 3rd period - Shot by Patrice Bergeron.
0:04 of 3rd period - Shot Blocked by Brenden Dillon.
0:06 of 3rd period - Shot by Jason Zucker.
0:06 of 3rd period - Deflect By Brad Boyes.
0:06 of 3rd period - Shot Blocked by Brenden Dillon.
0:10 of 3rd period - Shot by Brad Boyes.
0:10 of 3rd period - Shot Misses the Net.
0:23 of 3rd period - Icing by Anton Stralman.
0:24 of 3rd period - Patrice Bergeron wins face-off versus Tyler Bozak in Avalanche zone.
0:24 of 3rd period - Patrice Bergeron is hit by Patrick Eaves.
0:35 of 3rd period - Shot by Anton Stralman.
0:35 of 3rd period - Stopped by Cam Ward without a rebound.
0:36 of 3rd period - Derek Roy wins face-off versus Patrick Sharp in Predators zone.
0:36 of 3rd period - Derek Roy is hit by Paul Stastny.
0:48 of 3rd period - Shot by Ladislav Smid.
0:48 of 3rd period - Shot Misses the Net.
0:54 of 3rd period - Shot by Tuomo Ruutu.
0:54 of 3rd period - Deflect By Derek Roy.
0:54 of 3rd period - Shot Misses the Net.
0:56 of 3rd period - Shot by R.J. Umberger.
0:56 of 3rd period - Shot Blocked by Niklas Kronwall.
1:06 of 3rd period - Shot by R.J. Umberger.
1:06 of 3rd period - Goal by R.J. Umberger - Predators : 2 - Avalanche : 1.
1:07 of 3rd period - Tyler Bozak wins face-off versus Patrice Bergeron in neutral zone.
1:07 of 3rd period - Patrick Eaves is hit by Jason Zucker.
1:16 of 3rd period - Icing by Anton Stralman.
1:17 of 3rd period - Patrice Bergeron wins face-off versus Brandon Dubinsky in Avalanche zone.
1:22 of 3rd period - Shot by Brad Boyes.
1:22 of 3rd period - Stopped by Cam Ward without a rebound.
1:23 of 3rd period - Tyler Bozak wins face-off versus Patrick Sharp in Predators zone.
1:56 of 3rd period - Shot by Patrick Sharp.
1:56 of 3rd period - Shot Blocked by Patrick Eaves.
1:58 of 3rd period - Shot by Carl Hagelin.
1:58 of 3rd period - Shot Misses the Net.
2:31 of 3rd period - Brandon Dubinsky is hit by Jason Zucker and loses puck.
2:45 of 3rd period - Niklas Kronwall is hit by Ladislav Smid and loses puck.
2:58 of 3rd period - Danny Dekeyser is hit by Patrice Bergeron and loses puck.
3:24 of 3rd period - Ryan Callahan is hit by Patrice Bergeron and loses puck.
4:08 of 3rd period - Shot by Derek Roy.
4:08 of 3rd period - Stopped by Roberto Luongo without a rebound.
4:09 of 3rd period - Paul Stastny wins face-off versus Tyler Bozak in Avalanche zone.
4:20 of 3rd period - Carl Hagelin is hit by Patrick Eaves and loses puck.
4:27 of 3rd period - Shot by Ondrej Palat.
4:27 of 3rd period - Stopped by Roberto Luongo without a rebound.
4:28 of 3rd period - Jussi Jokinen wins face-off versus Derek Roy in Avalanche zone.
4:56 of 3rd period - Chris VandeVelde is hit by Derek Roy and loses puck.
5:06 of 3rd period - Icing by Jussi Jokinen.
5:07 of 3rd period - Tyler Bozak wins face-off versus Jussi Jokinen in Avalanche zone.
5:16 of 3rd period - Shot by Patrick Eaves.
5:16 of 3rd period - Shot Misses the Net.
5:55 of 3rd period - Minor Penalty to David Moss for Hooking.
5:56 of 3rd period - Paul Stastny wins face-off versus Derek Roy in Predators zone.
6:35 of 3rd period - Icing by Paul Stastny.
6:36 of 3rd period - Derek Roy wins face-off versus Paul Stastny in Avalanche zone.
6:36 of 3rd period - Danny Dekeyser is hit by Alex Petrovic and loses puck.
7:06 of 3rd period - Icing by Paul Stastny.
7:07 of 3rd period - Boyd Gordon wins face-off versus Paul Stastny in Avalanche zone.
7:09 of 3rd period - Paul Byron is hit by Alex Petrovic and loses puck.
7:40 of 3rd period - Shot by Brandon Dubinsky.
7:40 of 3rd period - Shot Blocked by Josh Manson.
8:01 of 3rd period - Icing by Chris VandeVelde.
8:02 of 3rd period - Boyd Gordon wins face-off versus Jussi Jokinen in Avalanche zone.
8:12 of 3rd period - Shot by Paul Byron.
8:12 of 3rd period - Shot Misses the Net.
8:14 of 3rd period - Shot by Boyd Gordon.
8:14 of 3rd period - Shot Blocked by Anton Stralman.
8:16 of 3rd period - Shot by Brenden Dillon.
8:16 of 3rd period - Shot Blocked by Jussi Jokinen.
8:18 of 3rd period - Shot by Paul Byron.
8:18 of 3rd period - Shot Misses the Net.
8:27 of 3rd period - Jussi Jokinen is hit by Brenden Dillon.
8:36 of 3rd period - Icing by Brenden Dillon.
8:37 of 3rd period - Boyd Gordon wins face-off versus Jason Zucker in Predators zone.
8:37 of 3rd period - Boyd Gordon is hit by Jason Zucker.
8:54 of 3rd period - Francois Beauchemin is hit by Ladislav Smid and loses puck.
9:10 of 3rd period - Icing by Johnny Boychuck.
9:11 of 3rd period - Brandon Dubinsky wins face-off versus Paul Stastny in Predators zone.
9:26 of 3rd period - Ladislav Smid is hit by Paul Stastny and loses puck.
9:52 of 3rd period - Shot by Paul Stastny.
9:52 of 3rd period - Shot Misses the Net.
10:14 of 3rd period - Shot by Kyle Palmieri.
10:14 of 3rd period - Deflect By Sergei Kostitsyn.
10:14 of 3rd period - Shot Misses the Net.
10:20 of 3rd period - Shot by R.J. Umberger.
10:20 of 3rd period - Shot Blocked by Niklas Kronwall.
10:22 of 3rd period - Shot by Derek Roy.
10:22 of 3rd period - Shot Misses the Net.
11:57 of 3rd period - Brenden Dillon is hit by Paul Stastny and loses puck.
12:07 of 3rd period - Icing by Anton Stralman.
12:08 of 3rd period - Paul Stastny wins face-off versus Brandon Dubinsky in Avalanche zone.
12:08 of 3rd period - Paul Stastny is hit by Brandon Dubinsky.
12:26 of 3rd period - Mattias Ekholm is hit by Ryan Callahan and loses puck.
12:38 of 3rd period - Brandon Dubinsky is hit by Anton Stralman and loses puck.
13:58 of 3rd period - Shot by Slava Voynov.
13:58 of 3rd period - Stopped by Roberto Luongo with a rebound.
14:00 of 3rd period - Shot by Slava Voynov.
14:00 of 3rd period - Shot Misses the Net.
15:01 of 3rd period - Shot by Ondrej Palat.
15:01 of 3rd period - Shot Blocked by Niklas Kronwall.
15:03 of 3rd period - Shot by Ondrej Palat.
15:03 of 3rd period - Shot Misses the Net.
15:27 of 3rd period - Shot by Brandon Dubinsky.
15:27 of 3rd period - Shot Misses the Net.
15:46 of 3rd period - Shot by Kyle Okposo.
15:46 of 3rd period - Shot Blocked by Josh Manson.
16:08 of 3rd period - Icing by Brenden Dillon.
16:09 of 3rd period - Boyd Gordon wins face-off versus Paul Stastny in Predators zone.
16:44 of 3rd period - Shot by Paul Stastny.
16:44 of 3rd period - Stopped by Cam Ward without a rebound.
16:45 of 3rd period - Brandon Dubinsky wins face-off versus Brad Boyes in Predators zone.
16:56 of 3rd period - Shot by Brandon Dubinsky.
16:56 of 3rd period - Deflect By Kyle Okposo.
16:56 of 3rd period - Shot Misses the Net.
16:58 of 3rd period - Shot by Ryan Callahan.
16:58 of 3rd period - Shot Misses the Net.
17:22 of 3rd period - Alex Petrovic is hit by Ryan Callahan and loses puck.
17:30 of 3rd period - Icing by Alex Petrovic.
17:31 of 3rd period - Derek Roy wins face-off versus Patrice Bergeron in Avalanche zone.
17:58 of 3rd period - Shot by Paul Stastny.
17:58 of 3rd period - Shot Misses the Net.
18:02 of 3rd period - Shot by Patrick Sharp.
18:02 of 3rd period - Shot Misses the Net.
18:04 of 3rd period - Shot by Paul Stastny.
18:04 of 3rd period - Stopped by Cam Ward without a rebound.
18:05 of 3rd period - Tyler Bozak wins face-off versus Jussi Jokinen in Predators zone.
18:09 of 3rd period - Danny Dekeyser is hit by Francois Beauchemin and loses puck.
18:21 of 3rd period - Icing by Niklas Kronwall.
18:22 of 3rd period - Jussi Jokinen wins face-off versus Brandon Dubinsky in Avalanche zone.
18:22 of 3rd period - Jussi Jokinen is hit by Brandon Dubinsky.
18:25 of 3rd period - Icing by Francois Beauchemin.
18:26 of 3rd period - Derek Roy wins face-off versus Jussi Jokinen in Avalanche zone.
18:32 of 3rd period - Tuomo Ruutu is hit by Niklas Kronwall.
18:45 of 3rd period - Francois Beauchemin is hit by Tuomo Ruutu and loses puck.
18:50 of 3rd period - Chris VandeVelde is hit by Derek Roy and loses puck.
19:34 of 3rd period - Icing by Brandon Dubinsky.
19:35 of 3rd period - Brandon Dubinsky wins face-off versus Paul Stastny in Predators zone.
19:46 of 3rd period - Shot by Tyler Bozak.
19:46 of 3rd period - Stopped by Roberto Luongo without a rebound.
19:47 of 3rd period - Paul Stastny wins face-off versus Derek Roy in Avalanche zone.
19:47 of 3rd period - Paul Stastny is hit by Ryan Callahan.
Goals for this period are 1 for Predators vs 0 for Avalanche.
Shots for this period are 5 for Predators vs 4 for Avalanche.